 Dungeon Crawl Stone Soup version 0.21.0-30-g47ce8e4 (webtiles) character file.

12210 inmateoo the Thaumaturge (level 11, -11/77 HPs)
             Began as a Gnoll Warper on Jan 28, 2018.
             Was a High Priest of Ru.
             Killed themself with a badly aimed iceblast (21 damage)
             ... on level 11 of the Dungeon.
             The game lasted 00:27:10 (10485 turns).

inmateoo the Thaumaturge (Gnoll Warper)            Turns: 10485, Time: 00:27:11

Health: -11/77     AC: 11    Str: 16    XL:     11   Next: 89%
Magic:  23/23      EV: 16    Int: 13    God:    Ru [*****.]
Gold:   670        SH:  0    Dex: 18    Spells: 15/26 levels left

rFire    + . .     SeeInvis .   H - +2 dagger (venom)
rCold    . . .     Gourm    .   (no shield)
rNeg     . . .     Faith    .   q - +0 ring mail "Innuplan" {Regen+ rCorr Int-3 Dex+3}
rPois    +         Spirit   .   (no helmet)
rElec    .         Reflect  .   w - +1 cloak {+Inv}
rCorr    +         Harm     .   g - +1 pair of gloves
MR       .....                  (no boots)
Stlth    +++.......             (no amulet)
HPRegen  0.62/turn              p - ring of poison resistance
MPRegen  0.18/turn              N - ring of protection from fire

@: no status effects
A: distributed training, fangs 1, frail 1, magic vulnerability 1, inexperienced
1, strong nose
a: Draw Out Power, Power Leap, Apocalypse, Renounce Religion, Evoke Invisibility


You were on level 11 of the Dungeon.
You worshipped Ru.
Ru was extremely pleased with you.
You were not hungry.

You visited 1 branch of the dungeon, and saw 11 of its levels.

You collected 670 gold pieces.

Inventory:

Hand Weapons
 a - a +1 spear
 b - a +1 whip of freezing
 F - a +1 halberd of flaming
 H - a +2 dagger of venom (weapon)
 Q - a +1 morningstar of holy wrath
Missiles
 n - 5 javelins
 A - 4 tomahawks of returning
 C - 3 poisoned tomahawks (quivered)
 G - 4 tomahawks
 K - 7 javelins of penetration
Armour
 g - a +1 pair of gloves (worn)
 q - the +0 ring mail "Innuplan" (worn) {Regen+ rCorr Int-3 Dex+3}
   (You found it on level 1 of the Dungeon)

   It affects your intelligence (-3).
   It affects your dexterity (+3).
   It increases your rate of regeneration.
   It protects you from acid and corrosion.
 v - the +1 scale mail "Fudyph" {Regen+}
   (You found it on level 5 of the Dungeon)

   It increases your rate of regeneration.
 w - a +1 cloak of invisibility (worn)
Jewellery
 p - a ring of poison resistance (left hand)
 y - an uncursed ring of positive energy
 M - a +3 ring of dexterity
 N - a ring of protection from fire (right hand)
Wands
 e - a wand of paralysis (7)
 s - a wand of enslavement (23)
 z - a wand of random effects (64)
Scrolls
 d - 2 scrolls of blinking
 i - 11 scrolls of identify
 j - 2 scrolls of magic mapping
 u - 3 scrolls of teleportation
 B - 4 scrolls of remove curse
 E - a scroll of enchant weapon
 I - 2 scrolls of amnesia
 J - a scroll of fog
 P - a scroll of brand weapon
Potions
 h - 4 potions of curing
 k - a potion of agility {unknown}
 l - 2 potions of cancellation
 m - 4 potions of flight
 r - 2 potions of mutation
 x - 3 potions of brilliance
 D - 2 potions of magic
 L - a potion of lignification {unknown}
 O - a potion of ambrosia {unknown}
Books
 c - a book of Spatial Translocations

   Spells                             Type                      Level
   a - Blink                          Translocation                2
   b - Shroud of Golubria             Charms/Translocation         2
   c - Lesser Beckoning               Translocation                3
   d - Gell's Gravitas                Translocation                3
   e - Teleport Other                 Translocation                3
   f - Passage of Golubria            Translocation                4
 o - a book of Misfortune

   Spells                             Type                      Level
   a - Confusing Touch                Hexes                        1
   b - Confuse                        Hexes                        3
   c - Gell's Gravitas                Translocation                3
   d - Petrify                        Transmutation/Earth          4
   e - Metabolic Englaciation         Hexes/Ice                    5
   f - Yara's Violent Unravelling     Hexes/Transmutation          5
 t - a book of Minor Magic

   Spells                             Type                      Level
   a - Magic Dart                     Conjuration                  1
   b - Blink                          Translocation                2
   c - Call Imp                       Summoning                    2
   d - Slow                           Hexes                        2
   e - Conjure Flame                  Conjuration/Fire             3
   f - Mephitic Cloud                 Conjuration/Poison/Air       3
Miscellaneous
 T - a box of beasts
Comestibles
 f - 24 rations
 R - 2 chunks of flesh


   Skills:
 + Level 8.1 Fighting
 + Level 6.6 Short Blades
 + Level 6.6 Long Blades
 + Level 6.6 Axes
 + Level 6.6 Maces & Flails
 + Level 8.1 Polearms
 + Level 6.6 Staves
 + Level 6.6 Slings
 + Level 6.6 Bows
 + Level 6.6 Crossbows
 + Level 7.2 Throwing
 + Level 7.2 Armour
 + Level 8.1 Dodging
 + Level 6.6 Stealth
 + Level 6.6 Shields
 + Level 6.6 Unarmed Combat
 + Level 8.4 Spellcasting
 + Level 5.5 Conjurations
 + Level 5.5 Hexes
 + Level 5.5 Charms
 + Level 5.5 Summonings
 + Level 5.5 Necromancy
 + Level 7.8 Translocations
 + Level 5.5 Transmutations
 + Level 5.5 Fire Magic
 + Level 5.5 Ice Magic
 + Level 5.5 Air Magic
 + Level 5.5 Earth Magic
 + Level 5.5 Poison Magic
 + Level 7.2 Invocations
 + Level 6.6 Evocations


You had 15 spell levels left.
You knew the following spells:

 Your Spells              Type           Power        Failure   Level  Hunger
a - Blink                 Tloc           N/A          1%          2    None
b - Passage of Golubria   Tloc           N/A          9%          4    ####...
c - Confuse               Hex            ###.....     7%          3    ##.....
d - Call Imp              Summ           ###.....     3%          2    None


Dungeon Overview and Level Annotations

Branches:
Dungeon (11/15)            Temple (0/1) D:6            Lair (0/6) D:11
    Orc (0/2) D:10

Altars:
Cheibriados
Ru
Vehumet
Wu Jian
Yredelemnul
The Shining One

Shops:
D:9 *   D:10 }[

Annotations:
D:11 Harold


Innate Abilities, Weirdness & Mutations

Your experience applies equally to all skills.
You have very sharp teeth.
You are frail. (-10% HP)
You are slightly vulnerable to magic. (MR-)
You are somewhat inexperienced. (-2 XL)
Your uncanny sense of smell can sniff out nearby items.


Message History

* * * LOW HITPOINT WARNING * * *
You hit the unseen horror but do no damage.
The unseen horror looks as sick as possible!
The unseen horror is heavily wounded.
The unseen horror stops glowing and disappears.
Something hits you but does no damage. Something hits you!
* * * LOW HITPOINT WARNING * * *
Something hits you but does no damage.
You start resting.
Something hits you but does no damage.
Evoke which item? (* to show all) (? for menu, Esc to quit)
Okay, then.
You feel better. Something barely misses you.
Something hits you but does no damage.
Evoke which item? (* to show all) (? for menu, Esc to quit)
Aiming: Random Effects
Press: ? - help, Shift-Dir - straight line The mass of ice explodes!
The iceblast engulfs something.
The iceblast engulfs you!
You die...

.# ##.##### #...##.....# .#
#.#...# ##.#.#......# .#
#....####...........#### ##
####..##.....###.......... #
###........###.###..))......
###.....####.# #.##(..........
#.........##.# #.##..)........
..P........#.# #.##..)........
.............. #@##(..........
.....>.........#.##(..........
.PP...............)(..........
..P........###.#.####.........
#.........## #...# ##########
###.....### ##### ......###
#######


There were no monsters in sight!

Vanquished Creatures
  Josephine (D:10)
  A two-headed ogre (D:9)
  An unseen horror (D:10)
  An ugly thing (D:11)
  An elephant (D:11)
  A troll (D:8)
  The ghost of Megalobster the Cudgeler, an amateur DsAK of Lugonu (D:3)
  4 hippogriffs
  5 slime creatures (D:11)
  5 yaks (D:9)
  3 wraiths
  Grum (D:8)
  6 orc warriors
  2 ice beasts
  3 sky beasts
  A black bear (D:10)
  4 ogres
  4 wolves (D:8)
  4 crocodiles
  3 centaurs
  2 big kobolds (D:10)
  7 bullfrogs
  A water moccasin skeleton (D:7)
  3 scorpions
  The ghost of tidbits the Charmwright, a weakling GnSk (D:4)
  9 killer bees
  3 wights (D:6)
  3 howler monkeys
  2 centaur zombies
  3 crimson imps
  3 hounds
  A bullfrog zombie (D:5)
  A centaur skeleton (D:8)
  4 jellies
  6 orc priests
  13 orc wizards
  Crazy Yiuf (D:5)
  A bullfrog skeleton (D:9)
  5 iguanas
  7 worker ants
  A killer bee zombie (D:5)
  4 gnolls (D:8)
  18 adders
  2 shadow imps (D:8)
  An adder skeleton (D:6)
  3 worms (D:3)
  4 dart slugs
  8 leopard geckos
  41 orcs
  5 bats
  4 giant cockroaches
  16 goblins
  11 hobgoblins
  15 jackals
  6 quokkas
  3 ball pythons
  3 frilled lizards
  16 kobolds
  7 rats
296 creatures vanquished.

Vanquished Creatures (collateral kills)
  A two-headed ogre (D:11)
  The ghost of Agrougrou the Insei, a novice OpTm of Makhleb (D:7)
  A yak (D:11)
  A howler monkey (D:7)
  An orc priest (D:7)
  An orc wizard (D:9)
  An orc (D:5)
  A jackal (D:7)
8 creatures vanquished.

Vanquished Creatures (others)
  A wraith (D:10)
  An ogre (D:7)
  A bullfrog zombie (D:7)
  2 orcs (D:11)
  A kobold (D:10)
  A leopard gecko zombie (D:5)
7 creatures vanquished.

Grand Total: 311 creatures vanquished

Notes
Turn   | Place    | Note
-------+----------+-------------------------------------------
     0 | D:1      | inmateoo the Gnoll Warper began the quest for the Orb.
     0 | D:1      | Reached XP level 1. HP: 20/20 MP: 6/6
   185 | D:1      | Reached XP level 2. HP: 26/26 MP: 7/7
   524 | D:1      | Got a twisted ring mail
   535 | D:1      | Identified the cursed +0 ring mail "Innuplan" {Regen+ rCorr Int-3 Dex+3} (You found it on level 1 of the Dungeon)
   707 | D:1      | Reached XP level 3. HP: 31/31 MP: 9/9
   748 | D:2      | Reached skill level 5 in Spellcasting
   882 | D:2      | Reached skill level 1 in Invocations
   994 | D:2      | Reached skill level 1 in Short Blades
   994 | D:2      | Reached skill level 1 in Long Blades
   994 | D:2      | Reached skill level 1 in Axes
   994 | D:2      | Reached skill level 1 in Maces & Flails
   994 | D:2      | Reached skill level 1 in Staves
   994 | D:2      | Reached skill level 1 in Slings
   994 | D:2      | Reached skill level 1 in Bows
   994 | D:2      | Reached skill level 1 in Crossbows
   994 | D:2      | Reached skill level 1 in Stealth
   994 | D:2      | Reached skill level 1 in Shields
   994 | D:2      | Reached skill level 1 in Unarmed Combat
   994 | D:2      | Reached skill level 1 in Evocations
  1010 | D:2      | Reached XP level 4. HP: 33/38 MP: 11/11
  1018 | D:2      | Learned a level 2 spell: Blink
  1023 | D:2      | Learned a level 4 spell: Passage of Golubria
  1066 | D:2      | Reached skill level 1 in Conjurations
  1066 | D:2      | Reached skill level 1 in Hexes
  1066 | D:2      | Reached skill level 1 in Charms
  1066 | D:2      | Reached skill level 1 in Summonings
  1066 | D:2      | Reached skill level 1 in Necromancy
  1066 | D:2      | Reached skill level 1 in Transmutations
  1066 | D:2      | Reached skill level 1 in Fire Magic
  1066 | D:2      | Reached skill level 1 in Ice Magic
  1066 | D:2      | Reached skill level 1 in Air Magic
  1066 | D:2      | Reached skill level 1 in Earth Magic
  1066 | D:2      | Reached skill level 1 in Poison Magic
  1066 | D:2      | Reached XP level 5. HP: 25/43 MP: 12/12
  1568 | D:2      | Found a basalt altar of Yredelemnul.
  1568 | D:2      | Found a radiant altar of Vehumet.
  1695 | D:3      | Found a faded altar of an unknown god.
  1739 | D:3      | Became a worshipper of Ru the Awakened
  1745 | D:3      | Gained mutation: You are somewhat inexperienced. (-2 XL) [Ru sacrifice]
  1745 | D:3      | Reached XP level 4. HP: 38/38 MP: 11/11
  1745 | D:3      | Reached XP level 3. HP: 32/32 MP: 9/9
  1745 | D:3      | Reached * piety under Ru
  1745 | D:3      | Reached ** piety under Ru
  1838 | D:3      | Reached XP level 4. HP: 38/38 MP: 11/11
  1843 | D:3      | Learned a level 3 spell: Confuse
  1849 | D:3      | Found an ornate altar of the Wu Jian Council.
  1948 | D:3      | Noticed Megalobster's ghost (amateur DsAK)
  2170 | D:4      | Found a glowing golden altar of the Shining One.
  2170 | D:4      | Noticed tidbits's ghost (weakling GnSk)
  2191 | D:5      | Entered Level 5 of the Dungeon
  2204 | D:5      | Learned a level 2 spell: Call Imp
  2216 | D:5      | Noticed an orc warrior
  2291 | D:5      | Killed an orc warrior
  2291 | D:5      | Reached XP level 5. HP: 18/43 MP: 2/12
  2364 | D:5      | Reached skill level 5 in Fighting
  2364 | D:5      | Reached skill level 5 in Polearms
  2364 | D:5      | Reached skill level 5 in Dodging
  2399 | D:5      | Got a warped scale mail
  2410 | D:5      | Identified the +1 scale mail "Fudyph" {Regen+} (You found it on level 5 of the Dungeon)
  2474 | D:5      | Reached XP level 6. HP: 39/51 MP: 14/14
  2538 | D:5      | Found a runed door.
  2573 | D:5      | Noticed Crazy Yiuf
  2588 | D:5      | Killed Crazy Yiuf
  2827 | D:4      | Reached XP level 7. HP: 53/56 MP: 15/15
  2895 | D:4      | Killed tidbits's ghost
  3220 | D:4      | Found a snail-covered altar of Cheibriados.
  3571 | D:3      | Killed Megalobster's ghost
  3604 | D:3      | Gained mutation: You are slightly vulnerable to magic. (MR-) [Ru sacrifice]
  3604 | D:3      | Reached *** piety under Ru
  4271 | D:5      | Reached XP level 8. HP: 41/63 MP: 16/16
  4420 | D:5      | You fall through a shaft!
  4626 | D:6      | Found a staircase to the Ecumenical Temple.
  4930 | D:6      | You fall through a shaft!
  5146 | D:6      | Gained mutation: You are frail. (-10% HP) [Ru sacrifice]
  5146 | D:6      | Reached **** piety under Ru
  5146 | D:6      | Reached ***** piety under Ru
  5885 | D:7      | Noticed Agrougrou's ghost (novice OpTm)
  5957 | D:6      | Reached XP level 9. HP: 60/62 MP: 18/18
  6191 | D:7      | Reached skill level 5 in Throwing
  6191 | D:7      | Reached skill level 5 in Armour
  6483 | D:7      | Killed Agrougrou's ghost
  6483 | D:7      | Reached skill level 5 in Invocations
  6947 | D:8      | Noticed a white ugly thing
  7136 | D:8      | Reached XP level 10. HP: 59/69 MP: 20/20
  7379 | D:8      | Reached skill level 5 in Short Blades
  7379 | D:8      | Reached skill level 5 in Long Blades
  7379 | D:8      | Reached skill level 5 in Axes
  7379 | D:8      | Reached skill level 5 in Maces & Flails
  7379 | D:8      | Reached skill level 5 in Staves
  7379 | D:8      | Reached skill level 5 in Slings
  7379 | D:8      | Reached skill level 5 in Bows
  7379 | D:8      | Reached skill level 5 in Crossbows
  7379 | D:8      | Reached skill level 5 in Stealth
  7379 | D:8      | Reached skill level 5 in Shields
  7379 | D:8      | Reached skill level 5 in Unarmed Combat
  7379 | D:8      | Reached skill level 5 in Evocations
  7779 | D:9      | Noticed a two-headed ogre
  7784 | D:9      | Killed a two-headed ogre
  8023 | D:9      | Noticed Grum
  8156 | D:8      | Killed Grum
  8494 | D:9      | Found Esujiwy's General Store.
  8857 | D:10     | Entered Level 10 of the Dungeon
  8900 | D:10     | Reached XP level 11. HP: 75/75 MP: 22/22
  9029 | D:10     | Noticed Josephine
  9205 | D:10     | Found a staircase to the Orcish Mines.
  9331 | D:10     | Killed Josephine
  9351 | D:10     | Reached skill level 5 in Conjurations
  9351 | D:10     | Reached skill level 5 in Hexes
  9351 | D:10     | Reached skill level 5 in Charms
  9351 | D:10     | Reached skill level 5 in Summonings
  9351 | D:10     | Reached skill level 5 in Necromancy
  9351 | D:10     | Reached skill level 5 in Transmutations
  9351 | D:10     | Reached skill level 5 in Fire Magic
  9351 | D:10     | Reached skill level 5 in Ice Magic
  9351 | D:10     | Reached skill level 5 in Air Magic
  9351 | D:10     | Reached skill level 5 in Earth Magic
  9351 | D:10     | Reached skill level 5 in Poison Magic
  9479 | D:10     | Found Saob's Armour Shop.
  9483 | D:10     | Found Qyirizoq's Gadget Boutique.
  9593 | D:10     | Noticed an unseen horror
  9602 | D:10     | Killed an unseen horror
  9773 | D:11     | Noticed a red ugly thing
  9789 | D:11     | Noticed a two-headed ogre
  9794 | D:11     | Killed a two-headed ogre
  9799 | D:11     | Killed a red ugly thing
  9987 | D:11     | Noticed Harold
 10412 | D:11     | Found a staircase to the Lair.
 10477 | D:11     | Noticed an unseen horror
 10481 | D:11     | HP: 3/77 [something (7)]
 10485 | D:11     | Killed themself with a badly aimed iceblast

Skill      XL: |  1  2  3  4  5  6  7  8  9 10 11 |
---------------+----------------------------------+-----
Spellcasting   | 5 6 7 8 |  8.4
Invocations    | 1 2 3 4 5 6 7 |  7.2
Short Blades   | 1 2 3 4 5 6 |  6.6
Long Blades    | 1 2 3 4 5 6 |  6.6
Axes           | 1 2 3 4 5 6 |  6.6
Maces & Flails | 1 2 3 4 5 6 |  6.6
Staves         | 1 2 3 4 5 6 |  6.6
Slings         | 1 2 3 4 5 6 |  6.6
Bows           | 1 2 3 4 5 6 |  6.6
Crossbows      | 1 2 3 4 5 6 |  6.6
Stealth        | 1 2 3 4 5 6 |  6.6
Shields        | 1 2 3 4 5 6 |  6.6
Unarmed Combat | 1 2 3 4 5 6 |  6.6
Evocations     | 1 2 3 4 5 6 |  6.6
Conjurations   | 1 2 3 4 5 |  5.5
Hexes          | 1 2 3 4 5 |  5.5
Charms         | 1 2 3 4 5 |  5.5
Summonings     | 1 2 3 4 5 |  5.5
Necromancy     | 1 2 3 4 5 |  5.5
Transmutations | 1 2 3 4 5 |  5.5
Fire Magic     | 1 2 3 4 5 |  5.5
Ice Magic      | 1 2 3 4 5 |  5.5
Air Magic      | 1 2 3 4 5 |  5.5
Earth Magic    | 1 2 3 4 5 |  5.5
Poison Magic   | 1 2 3 4 5 |  5.5
Throwing       | 3 4 5 6 7 |  7.2
Armour         | 3 4 5 6 7 |  7.2
Fighting       | 5 6 7 8 |  8.1
Polearms       | 5 6 7 8 |  8.1
Dodging        | 5 6 7 8 |  8.1
Translocations | 6 7 |  7.8

Action                   |  1- 3 |  4- 6 |  7- 9 | 10-12 || total
-------------------------+-------+-------+-------+-------++-------
Melee: Spear             |   156 |    48 |    40 |       ||   244
       Bite              |    17 |    25 |    56 |    70 ||   168
       Dagger            |     9 |   160 |   241 |   378 ||   788
       Whip              |       |    15 |       |       ||    15
       Punch             |       |     1 |     4 |    18 ||    23
       Halberd           |       |       |   190 |   106 ||   296
       Morningstar       |       |       |       |     9 ||     9
Throw: Javelin           |       |    12 |       |       ||    12
       Tomahawk          |       |     4 |     5 |     1 ||    10
 Cast: Confuse           |       |     3 |     2 |     7 ||    12
       Call Imp          |       |     2 |    11 |     5 ||    18
       Blink             |       |       |     3 |       ||     3
Invok: Sacrifice Experie |     1 |       |       |       ||     1
       Sacrifice Essence |       |       |     1 |       ||     1
       Sacrifice Health  |       |       |     1 |       ||     1
       Reject Sacrifices |       |       |       |     1 ||     1
 Abil: Evoke Invisibilit |       |     1 |     3 |     6 ||    10
Evoke: Wand              |       |       |     3 |    16 ||    19
  Use: Scroll            |    10 |     2 |     4 |     6 ||    22
       Potion            |       |       |       |     2 ||     2
 Stab: Sleeping          |     3 |     1 |    11 |     4 ||    19
       Invisible         |       |     4 |    15 |     9 ||    28
       Distracted        |       |       |     6 |     5 ||    11
       Paralysed         |       |       |     1 |     6 ||     7
       Confused          |       |       |       |     1 ||     1
  Eat: Chunk             |       |     8 |    12 |    14 ||    34
       Ration            |       |       |     1 |       ||     1
Armor: Leather armour    |    16 |       |       |       ||    16
       Ring mail         |    27 |    48 |   125 |   134 ||   334
Dodge: Dodged            |    73 |   116 |   326 |   297 ||   812
